 Dungeon Crawl Stone Soup version bcrawl-1.27.1d (webtiles) character file.

Game seed: 9054119340734816741

276792 Banto the Carver (level 10, -4/80 HPs)
             Began as a Demigod Wanderer on July 17, 2020.
             Hit by a poisoned tomahawk thrown by an orc warrior (10 damage)
             ... on level 8 of the Dungeon.
             The game lasted 00:14:15 (8723 turns).

Banto the Carver (Demigod Wanderer)                 Turns: 8723, Time: 00:14:15

Health: -4/80      AC: 12    Str: 15    XL:     10   Next: 16%
Magic:  17/17      EV: 13    Int: 17    God:    Demigod [***...]
Gold:   414        SH:  0    Dex: 22    Spells: 9/9 levels left

rFire    + + .     SeeInvis +   q - +2 short sword (venom)
rCold    . . .     Gourm    .   (no shield)
rNeg     . . .     Faith    .   g - +0 ring mail
rPois    .         Spirit   .   k - +0 helmet
rElec    .         Reflect  .   (no cloak)
rCorr    .         Harm     .   s - +0 pair of gloves
MR       +....                  y - +0 pair of boots
Stlth    ++........             E - amulet of Day {Inacc *Drain rC+ SInv} (curse)
HPRegen  0.23/turn              v - ring of protection from fire
MPRegen  0.15/turn              G - ring of fire (curse)

@: lethally poisoned (-4 -> -5)
A: fangs 1, rugged brown scales 1, thin metallic scales 1, blurry vision 1, high
mp 1
a: Temporal Distortion, Growth, Major Destruction


You were on level 8 of the Dungeon.
You worshipped Demigod.
Demigod was most pleased with you.
You were not hungry.

You visited 1 branch of the dungeon, and saw 8 of its levels.

You collected 474 gold pieces.
You spent 60 gold pieces at shops.

Inventory:

Hand Weapons
 p - a +0 blowgun
 q - a +2 short sword of venom (weapon)
 t - a +0 long sword
 z - a +3 falchion of protection
 F - a +0 scimitar
Missiles
 D - a throwing net {=f}
Armour
 g - a +0 ring mail (worn)
 k - a +0 helmet (worn)
 s - a +0 pair of gloves (worn)
 y - a +0 pair of boots (worn)
 I - the +1 ring mail "Ecwobapo" {-Tele rF+ rN+, unknown}
   (You found it on level 8 of the Dungeon)

   It protects you from fire.
   It protects you from negative energy.
   It prevents most forms of teleportation.
Jewellery
 o - an uncursed ring of insulation
 v - a ring of protection from fire (left hand)
 E - the cursed amulet of Day (around neck) {Inacc *Drain rC+ SInv}
   (You found it on level 7 of the Dungeon)

   [amulet of inaccuracy]

   It reduces the accuracy of all your attacks.
   It protects you from cold.
   It lets you see invisible.
   It causes draining when unequipped.
   It has a curse placed upon it.
 G - a cursed ring of fire (right hand)
Wands
 n - a wand of scattershot (2)
 A - a wand of disintegration (10)
Scrolls
 a - 2 scrolls of immolation
 c - 9 scrolls of teleportation
 r - 2 scrolls of fear
 w - 2 scrolls of fog
 C - 3 scrolls of remove curse
 H - a scroll of enchant weapon
 J - a scroll of identify
Potions
 b - 2 potions of lignification
 d - 2 potions of agility
 f - a potion of flight
 h - a potion of ambrosia
 i - 3 potions of brilliance
 j - 2 potions of haste
 l - a potion of might
 m - 4 potions of curing
 u - 2 potions of heal wounds
 x - a potion of berserk rage
Comestibles
 e - 19 rations {!d}


   Skills:
 - Level 4.0 Fighting
 - Level 3.0(7.3) Short Blades
 + Level 10.4(10.6) Long Blades
 - Level 4.0 Armour
 - Level 4.0 Dodging
 - Level 3.9 Stealth
 - Level 1.9 Unarmed Combat
 - Level 5.0 Invocations
 - Level 1.0 Evocations


You had 9 spell levels left.
You didn't know any spells.
Your spell library contained the following spells:

 Spells                   Type           Power        Failure   Level  Hunger
 Magic Dart               Conj           #...         41%         1    None
 Blink                    Tloc           N/A          54%         2    ####...
 Call Imp                 Summ           #.....       54%         2    ####...
 Conjure Flame            Conj/Fire      #.......     78%         3    #####..
 Mephitic Cloud           Conj/Pois/Air  #.......     78%         3    #####..
 Spider Form              Tmut/Pois      #..          78%         3    #####..


Dungeon Overview and Level Annotations

Branches:
Dungeon (8/12)             Temple (0/1) D:4             Orc (0/1) D:8
   Lair: D:7-9

Shops:
D:4 *   D:7 (


Innate Abilities, Weirdness & Mutations

You have an increased reservoir of magic. (+10% MP)
You have very sharp teeth.
You are partially covered in rugged brown scales. (AC +1, +3% HP)
You are partially covered in thin metallic scales. (AC +2)
Scrolls take you a little longer to read.


Message History

The orc warrior hits you with a +0 mace!
You hit the orc priest.
The orc priest is poisoned.
The orc priest is almost dead.
You feel sick.
The orc priest calls upon Beogh to heal the orc warrior.
The orc warrior is healed somewhat.
The orc warrior hits you with a +0 long sword!
* * * LOW HITPOINT WARNING * * *
Your kill strengthens your divinity.
You feel a bit more experienced.
The orc warrior hits you with a +0 long sword.
* * * LOW HITPOINT WARNING * * *
The orc warrior hits you with a +0 mace.
* * * LOW HITPOINT WARNING * * *
You kill the orc warrior!
Your kill strengthens your divinity.
The orc warrior throws a poisoned tomahawk.
The poisoned tomahawk hits you!
You die...
Your divinity fades.

#.# #.###.......###.......... #.#
#.##...####...###.#####.# #.#
#.....##..##...##.#####.. #.##
#...8.'...)'.8..#........
##..#####>...)##..##....####..###
..........##...####......# #..#
....#########........##..# #..#
###.####### #'##########.###..###
#.>..(..###...@....##...#......
###.#####.##.).####.......#...###
.##.# #.#.8o##o.##.8....###.#
.##.# #.#...o.!?.+......>##.###
.##.## #.#.8.##..##.8....###....
.#...####.##... ##.......# #####
...........##... ....##...#
.....####..##+##########.##
....## ##.##)..)....##..########


You could see an orc warrior.

Vanquished Creatures
  A cyclops (D:8)
  3 centaur skeletons
  Prince Ribbit (D:8)
  Sigmund (D:4)
  4 yaks (D:8)
  A warg (D:8)
  A crocodile (D:6)
  3 orc warriors
  A sky beast (D:3)
  A phantom (D:6)
  A necrophage (D:6)
  2 centaurs
  5 ogres
  4 bullfrogs
  A big kobold (D:6)
  A wyvern zombie (D:8)
  2 scorpions
  A water moccasin skeleton (D:5)
  5 wights (D:6)
  A crimson imp (D:6)
  2 jellies
  4 hounds
  2 orc priests
  An iguana (D:7)
  4 orc wizards
  2 worker ants
  2 worker ant zombies
  7 adders
  2 shadow imps
  An ooze (D:2)
  2 adder skeletons
  A dart slug (D:1)
  5 leopard geckos
  30 orcs
  3 bats
  2 giant cockroaches (D:2)
  6 goblins
  9 hobgoblins
  17 jackals
  4 quokkas
  3 frilled lizards
  7 kobolds
  3 rats
  A plant (D:6)
160 creatures vanquished.

Vanquished Creatures (others)
  2 plants (D:6)
2 creatures vanquished.

Grand Total: 162 creatures vanquished

Notes
Turn   | Place    | Note
-------+----------+-------------------------------------------
     0 | D:1      | Banto the Demigod Wanderer began the quest for the Orb.
     0 | D:1      | Banto set off with the following items: a +2 dagger, a
                  | potion of lignification, a scroll of teleportation, a
                  | potion of agility, a ration {!d}, a +0 robe
     0 | D:1      | Reached XP level 1. HP: 17/17 MP: 3/3
   115 | D:1      | Reached XP level 2. HP: 5/24 MP: 5/5
  1053 | D:2      | Reached skill level 1 in Short Blades
  1088 | D:2      | Reached XP level 3. HP: 19/29 MP: 6/6
  1270 | D:2      | Found a white marble altar of Elyvilon.
  1280 | D:2      | Reached * piety under Demigod
  1674 | D:3      | Reached XP level 4. HP: 35/37 MP: 7/7
  1808 | D:3      | Reached skill level 1 in Armour
  1834 | D:3      | HP: 1/37 [orc/+0 war axe (7)]
  1940 | D:3      | Reached XP level 5. HP: 23/42 MP: 8/8
  2092 | D:3      | Found a hazy altar of Hepliaklqana.
  2092 | D:3      | Found a hide-covered altar of Uskayaw.
  2096 | D:3      | Found a shattered altar of Ashenzari.
  2390 | D:3      | Noticed a sky beast
  2424 | D:3      | Killed a sky beast
  2424 | D:3      | Reached XP level 6. HP: 43/51 MP: 9/9
  3162 | D:4      | Found Ufoe's General Store.
  3166 | D:4      | Bought a potion of heal wounds for 60 gold pieces
  3240 | D:4      | Found a staircase to the Ecumenical Temple.
  3304 | D:4      | Noticed Sigmund
  3328 | D:4      | Killed Sigmund
  3328 | D:4      | Reached skill level 1 in Invocations
  3328 | D:4      | Reached XP level 7. HP: 26/58 MP: 10/10
  3425 | D:4      | Reached skill level 1 in Long Blades
  4361 | D:5      | Entered Level 5 of the Dungeon
  4409 | D:5      | Reached ** piety under Demigod
  4520 | D:5      | Reached skill level 2 in Long Blades
  4520 | D:5      | Reached XP level 8. HP: 29/66 MP: 11/13
  4854 | D:5      | Reached skill level 3 in Long Blades
  5029 | D:5      | Reached skill level 5 in Invocations
  5549 | D:6      | Reached skill level 4 in Long Blades
  5556 | D:6      | Found an opulent altar of Gozag.
  5856 | D:6      | Reached skill level 5 in Long Blades
  5969 | D:6      | Paralysed by fainting for 10 turns
  5985 | D:6      | Paralysed by fainting for 11 turns
  6287 | D:6      | Reached skill level 6 in Long Blades
  6507 | D:6      | Reached XP level 9. HP: 54/68 MP: 16/16
  6803 | D:7      | Found Billeaq's Weapon Shoppe.
  6874 | D:7      | Reached skill level 7 in Long Blades
  6926 | D:7      | Got a fine ivory amulet
  6932 | D:7      | Identified the cursed amulet of Day {Inacc *Drain rC+ SInv}
                  | (You found it on level 7 of the Dungeon)
  7076 | D:7      | Reached *** piety under Demigod
  7329 | D:7      | Gained mutation: You have a pair of small antennae on your
                  | head. [potion of mutation]
  7329 | D:7      | Gained mutation: You have very sharp teeth. [potion of
                  | mutation]
  7330 | D:7      | Lost mutation: You have a pair of small antennae on your
                  | head. [potion of mutation]
  7330 | D:7      | Gained mutation: You are partially covered in thin metallic
                  | scales. (AC +2) [potion of mutation]
  7330 | D:7      | Gained mutation: Scrolls take you a little longer to read.
                  | [potion of mutation]
  7330 | D:7      | Gained mutation: You are partially covered in rugged brown
                  | scales. (AC +1, +3% HP) [potion of mutation]
  7524 | D:7      | Found a radiant altar of Vehumet.
  7694 | D:8      | Found a staircase to the Orcish Mines.
  7744 | D:8      | Reached skill level 8 in Long Blades
  7809 | D:8      | Noticed a cyclops
  7819 | D:8      | Killed a cyclops
  7819 | D:8      | Reached skill level 9 in Long Blades
  7987 | D:8      | Reached XP level 10. HP: 58/79 MP: 17/17
  8077 | D:8      | Noticed Prince Ribbit
  8100 | D:8      | Killed Prince Ribbit
  8100 | D:8      | Reached skill level 10 in Long Blades
  8219 | D:8      | Found a sparkling altar of Nemelex Xobeh.
  8307 | D:8      | Got a blackened ring mail
  8490 | D:8      | Found a white marble altar of Elyvilon.
  8723 | D:8      | Hit by a poisoned tomahawk thrown by an orc warrior

Skill      XL: |  1  2  3  4  5  6  7  8  9 10 |
---------------+-------------------------------+-----
Fighting       | 2 3 4 |  4.0
Short Blades   | 1 2 3 |  3.0
Dodging        | 2 3 4 |  4.0
Armour         | 1 2 3 4 |  4.0
Invocations    | 1 3 5 |  5.0
Long Blades    | 2 6 9 10 | 10.4
Stealth        | |  3.9
Unarmed Combat | |  1.9
Evocations     | |  1.0

Action                   |  1- 3 |  4- 6 |  7- 9 | 10-12 || total
-------------------------+-------+-------+-------+-------++-------
Melee: Short sword       |    14 |       |   222 |    67 ||   303
       Dagger            |   125 |    93 |   125 |       ||   343
       Punch             |       |     1 |     4 |     2 ||     7
       Long sword        |       |       |   214 |       ||   214
       Falchion          |       |       |    53 |     9 ||    62
       Bite              |       |       |    19 |    14 ||    33
 Fire: Blowgun           |       |    25 |    13 |       ||    38
Invok: Growth            |       |       |     1 |       ||     1
Evoke: Wand              |       |       |     5 |       ||     5
  Use: Scroll            |     6 |       |    10 |       ||    16
       Potion            |       |       |     2 |       ||     2
 Stab: Sleeping          |     1 |     2 |     8 |     2 ||    13
       Distracted        |       |     1 |     1 |       ||     2
  Eat: Chunk             |     6 |     8 |    27 |     4 ||    45
       Ration            |       |       |     1 |       ||     1
Armor: Robe              |    10 |       |       |       ||    10
       Ring mail         |    35 |    29 |   147 |    18 ||   229
Dodge: Dodged            |    90 |    58 |   379 |    37 ||   564
Block: Other             |       |       |     7 |     1 ||     8
